 Dungeon Crawl Stone Soup version 0.16.2-12-gd0ad4c3 (webtiles) character file.

939 faibistes the Thaumaturge (level 7, -8/40 HPs)
             Began as a Deep Elf Wizard on Feb 5, 2019.
             Mangled by Menkaure (16 damage)
             ... on level 4 of the Dungeon.
             The game lasted 00:14:29 (5498 turns).

faibistes the Thaumaturge (Deep Elf Wizard)         Turns: 5498, Time: 00:14:30

Health: -8/40      AC:  3    Str:  5    XL:     7   Next: 87%
Magic:  18/26      EV: 14    Int: 24    God:
Gold:   442        SH:  0    Dex: 13    Spells: 6 memorised, 10 levels left

rFire  . . .     SeeInvis .     E - +1 dagger (drain)
rCold  + . .     Clarity  .     a - +0 robe
rNeg   . . .     SustAb   .     (no shield)
rPois  .         Gourm    .     b - +1 hat
rElec  .         Spirit   .     (no cloak)
rCorr  .         Warding  .     (no gloves)
rMut   .         Stasis   .     (no boots)
MR     .....                    (no amulet)
Stlth  ++........               (no ring)
                                x - ring of protection from cold

@: repel missiles, not resistant to hostile enchantments, unstealthy
A: no striking features
a: no special abilities


You were on level 4 of the Dungeon.
You were not hungry.

You visited 1 branch of the dungeon, and saw 5 of its levels.
You also visited: Ossuary.

You collected 442 gold pieces.

Inventory:

Hand weapons
 r - a +2 dagger of protection
 E - a +1 dagger of draining (weapon)
Armour
 a - a +0 robe (worn)
 b - a +1 hat (worn)
Jewellery
 x - a ring of protection from cold (left hand)
Magical devices
 D - a wand of random effects (26)
Scrolls
 e - 3 scrolls of enchant armour
 j - 3 scrolls of enchant weapon
 o - 3 scrolls of fog
 v - 3 scrolls of fear
 y - a scroll of recharging {unknown}
 B - a scroll of random uselessness {unknown}
 C - a scroll of remove curse
Potions
 f - 2 potions of flight
 h - a potion of brilliance {unknown}
 i - 2 potions of heal wounds
 k - 2 potions of resistance
 l - a potion of lignification
 m - a potion of restore abilities
 n - a potion of cure mutation {unknown}
 p - 6 potions of curing
 q - a potion of ambrosia {unknown}
 t - 5 potions of magic
 u - a potion of invisibility {unknown}
 w - 4 potions of haste
 z - a potion of agility {unknown}
 A - 2 potions of might
Books
 c - a book of Minor Magic

   Spells                             Type                      Level
   a - Magic Dart                     Conjuration                  1
   b - Blink                          Translocation                2
   c - Call Imp                       Summoning                    2
   d - Repel Missiles                 Charms/Air                   2
   e - Slow                           Hexes                        2
   f - Conjure Flame                  Conjuration/Fire             3
   g - Mephitic Cloud                 Conjuration/Poison/Air       3
Comestibles
 d - 2 bread rations
 g - a royal jelly
 s - 2 meat rations
 F - a beef jerky


   Skills:
 * Level 2.5 Fighting
 + Level 5.3 Dodging
 - Level 2.4 Stealth
 * Level 8.6 Spellcasting
 - Level 4.1 Conjurations
 - Level 1.1 Summonings
 - Level 3.1 Translocations


You had 10 spell levels left.
You knew the following spells:

 Your Spells              Type           Power        Failure   Level  Hunger
a - Magic Dart            Conj           ####         1%          1    None
b - Conjure Flame         Conj/Fire      ###.....     10%         3    None
c - Call Imp              Summ           ###.....     8%          2    None
d - Blink                 Tloc           N/A          2%          2    None
e - Mephitic Cloud        Conj/Pois/Air  ###.....     12%         3    None
f - Repel Missiles        Chrm/Air       ##....       12%         2    None


Dungeon Overview and Level Annotations

Branches:
Dungeon (5/15)
 Temple: D:4-7

Altars:
Elyvilon
Gozag
Okawaru
Xom

Annotations:
D:4 Menkaure


Message History

Menkaure hits you!
Casting: Magic Dart
Confirm with . or Enter, or press ? or * to list all spells.
Aiming: Magic Dart
Press: ? - help, Shift-Dir - straight line, f/p - Menkaure
Aim: Menkaure (severely damaged, fast)
The magic dart hits Menkaure.
Menkaure is severely damaged.
Menkaure misses you.
Casting: Magic Dart
Confirm with . or Enter, or press ? or * to list all spells.
Aiming: Magic Dart
Press: ? - help, Shift-Dir - straight line, f/p - Menkaure
Aim: Menkaure (severely damaged, fast)
The magic dart hits Menkaure.
Menkaure is severely damaged.
Menkaure hits you.
* * * LOW HITPOINT WARNING * * *
Menkaure hits you!
You die...

#........#....#......
#........#....+......
#........'....#......
#.......##....##.....
#.......##....##+####
#.............#
#.....(.......+
#.............#
#...@M..###+###
#.......# #...
#........... .....
#..........> ....
#........... ....
#.......##. #...
#.......##.. ...
#.............. .
#..............#


You could see Menkaure.

Vanquished Creatures
  A phantom (D:4)
  Sigmund (D:4)
  The ghost of crawlian the Poker, a weakling MfFi (D:3)
  A hound (D:5)
  3 orc priests (D:3)
  An iguana (D:4)
  5 orc wizards
  A worker ant (D:4)
  Ijyb (D:2)
  A big kobold zombie (Ossuary)
  Terence (D:2)
  A hound skeleton (D:4)
  7 mummies (Ossuary)
  Robin (D:3)
  6 adders
  4 giant mites
  2 worms
  2 giant geckos
  An ooze (D:2)
  14 orcs
  3 ball pythons
  2 giant cockroaches
  A gnoll zombie (Ossuary)
  15 hobgoblins
  2 jackals
  7 bats
  2 giant newts
  15 goblins
  2 hobgoblin zombies (Ossuary)
  5 kobolds
  A kobold zombie (Ossuary)
  3 orc zombies (Ossuary)
  A quokka (D:4)
  6 rats
120 creatures vanquished.

Vanquished Creatures (collateral kills)
  A centaur (D:4)
  A crimson imp (D:4)
  A hound (D:4)
  A mummy (Ossuary)
  2 adders
  A giant mite (D:3)
  A worm (D:2)
  2 hobgoblins (D:3)
  4 jackals
  2 kobolds
16 creatures vanquished.

Vanquished Creatures (others)
  2 crimson imps (Ossuary)
  A shadow imp (Ossuary)
  A white imp (Ossuary)
4 creatures vanquished.

Grand Total: 140 creatures vanquished

Notes
Turn   | Place    | Note
--------------------------------------------------------------
     0 | D:1      | faibistes, the Deep Elf Wizard, began the quest for the Orb.
     0 | D:1      | Reached XP level 1. HP: 10/10 MP: 6/6
   139 | D:2      | Reached XP level 2. HP: 15/15 MP: 0/10
   143 | D:2      | Learned a level 2 spell: Blink
   146 | D:2      | Learned a level 2 spell: Call Imp
   972 | D:1      | Reached XP level 3. HP: 13/19 MP: 3/13
   977 | D:1      | Learned a level 3 spell: Conjure Flame
   981 | D:1      | Learned a level 3 spell: Mephitic Cloud
  1307 | D:2      | Reached skill level 5 in Spellcasting
  1559 | D:2      | Noticed Ijyb
  1587 | D:2      | Killed Ijyb
  1588 | D:2      | Reached XP level 4. HP: 10/24 MP: 1/17
  1602 | D:2      | Learned a level 2 spell: Repel Missiles
  1834 | D:2      | Noticed Terence
  1887 | D:2      | Killed Terence
  2457 | D:3      | Reached skill level 6 in Spellcasting
  2457 | D:3      | Reached XP level 5. HP: 28/28 MP: 10/20
  2725 | D:3      | Noticed Robin
  2729 | D:3      | Killed Robin
  3065 | D:4      | Found a white marble altar of Elyvilon.
  3089 | D:4      | Found an iron altar of Okawaru.
  3089 | D:4      | Found a shimmering altar of Xom.
  3159 | D:4      | Noticed Sigmund
  3167 | D:4      | Noticed a phantom
  3172 | D:4      | Killed Sigmund
  3172 | D:4      | Reached XP level 6. HP: 32/32 MP: 11/22
  3180 | D:4      | Killed a phantom
  3180 | D:4      | Reached skill level 7 in Spellcasting
  3387 | D:4      | Noticed a centaur
  3402 | D:4      | Killed a centaur
  3402 | D:4      | Reached XP level 7. HP: 29/36 MP: 14/25
  3444 | D:4      | Found a sand-covered staircase.
  3463 | Ossuary  | Entered an ossuary
  3647 | Ossuary  | Reached skill level 1 in Fighting
  4196 | D:3      | Reached skill level 5 in Dodging
  4235 | D:3      | Noticed crawlian's ghost (weakling MfFi)
  4251 | D:3      | Found an opulent altar of Gozag.
  4298 | D:5      | Entered Level 5 of the Dungeon
  4315 | D:5      | Reached skill level 8 in Spellcasting
  4532 | D:3      | Killed crawlian's ghost
  5489 | D:4      | Noticed Menkaure
  5498 | D:4      | Mangled by Menkaure

Action                   |  1- 3 |  4- 6 |  7- 9 || total
-------------------------+-------+-------+-------++-------
Melee: Club              |     2 |       |       ||     2
       Dagger            |       |    11 |    16 ||    27
 Cast: Magic Dart        |    73 |   138 |   157 ||   368
       Call Imp          |    10 |     4 |    11 ||    25
       Mephitic Cloud    |     1 |     6 |     4 ||    11
       Conjure Flame     |       |     2 |     5 ||     7
       Repel Missiles    |       |     1 |       ||     1
  Use: Scroll            |     1 |     8 |     6 ||    15
 Stab: Confused          |       |       |     1 ||     1
  Eat: Chunk             |     2 |     5 |     2 ||     9
       Bread ration      |       |       |     1 ||     1
